 Dungeon Crawl Stone Soup version 0.26.1-11-gd32895ea62 (webtiles) character file.

Game seed: 7619554027572283426

39966 phalm the Destroyer (level 13, 0/75 HPs)
             Began as a Deep Elf Conjurer on May 3, 2021.
             Was a High Priest of Vehumet.
             Slain by an 11-headed hydra (10 damage)
             ... on level 4 of the Lair of Beasts.
             The game lasted 01:10:18 (23100 turns).

phalm the Destroyer (Deep Elf Conjurer)            Turns: 23100, Time: 01:10:19

Health: 0/75       AC: 13    Str:  4    XL:     13   Next: 72%
Magic:  13/29      EV: 18    Int: 29    God:    Vehumet [*****.]
Gold:   1410       SH:  8    Dex: 15    Spells: 21/33 levels left

rFire    + . .     SeeInvis .   F - +4 flail of Baustigh {holy, rElec}
rCold    + . .     Faith    .   I - +3 warlock's mirror {reflect}
rNeg     . . .     Spirit   .   G - +2 robe {rF+}
rPois    +         Reflect  +   V - +2 helmet
rElec    +         Harm     .   x - +0 cloak
rCorr    .         Rampage  .   (no gloves)
Will     ++...                  s - +0 pair of boots
Stlth    ++........             g - amulet of regeneration
HPRegen  1.02/turn              P - ring of poison resistance
MPRegen  0.21/turn              O - +4 ring of protection

@: no status effects
A: agile 1, cold resistance 1, strong-willed 1, regeneration 1
a: Renounce Religion


You were on level 4 of the Lair of Beasts.
You worshipped Vehumet.
Vehumet was extremely pleased with you.
You visited 3 branches of the dungeon, and saw 19 of its levels.
You also visited: Ice Cave.

You collected 1476 gold pieces.
You spent 66 gold pieces at shops.


Innate Abilities, Weirdness & Mutations

You are agile. (Dex +2)
Your flesh is cold resistant. (rC+)
You are strong-willed. (Will+)
Your natural rate of healing is unusually fast.


   Skills:
 + Level 6.3 Fighting
 + Level 5.8 Staves
 - Level 4.0 Armour
 + Level 9.5 Dodging
 - Level 2.4 Stealth
 - Level 4.0 Shields
 + Level 10.5 Spellcasting
 * Level 14.7 Conjurations
 - Level 8.0 Translocations
 + Level 5.5 Fire Magic
 + Level 8.5 Evocations


You had 21 spell levels left.
You knew the following spells:

 Your Spells              Type           Power        Failure   Level
c - Mephitic Cloud        Conj/Pois/Air  43%          1%          3
m - Magic Dart            Conj           100%         0%          1
s - Searing Ray           Conj           100%         0%          2
B - Blink                 Tloc           N/A          1%          2
X - Iskenderun's Mystic   Conj/Tloc      69%          1%          4

Your spell library contained the following spells:

 Spells                   Type           Power        Failure   Level
 Hailstorm                Conj/Ice       55%          1%          4
 Apportation              Tloc           100%         1%          1
 Conjure Flame            Conj/Fire      65%          1%          3
 Dazzling Flash           Conj/Hex       100%         1%          3
 Gell's Gravitas          Tloc           29%          1%          3
 Fulminant Prism          Conj/Hex       27%          1%          4
 Animate Skeleton         Necr           30%          3%          1
 Corona                   Hex            16%          3%          1
 Pain                     Necr           60%          3%          1
 Summon Small Mammal      Summ           60%          3%          1
 Call Imp                 Summ           15%          5%          2
 Slow                     Hex            15%          5%          2
 Confusing Touch          Hex            15%          11%         3
 Vampiric Draining        Necr           7%           11%         3
 Yara's Violent Unravell  Hex/Tmut       7%           24%         5
 Animate Dead             Necr           7%           34%         4
 Cause Fear               Hex            7%           34%         4
 Petrify                  Tmut/Erth      15%          34%         4
 Agony                    Necr           15%          69%         5
 Metabolic Englaciation   Hex/Ice        7%           69%         5
 Silence                  Hex/Air        7%           69%         5
 Discord                  Hex            7%           100%        8

Inventory:

Hand Weapons
 F - the +4 flail of Baustigh (weapon) {holy, rElec}
   (You found it on level 5 of the Lair of Beasts)

   It has been blessed by the Shining One to cause great damage to the undead
   and demons.
   It insulates you from electricity.
 N - the +2 hand axe of Hard Scrabble {vamp, rC+}
   (You found it on level 10 of the Dungeon)

   It inflicts no extra harm, but heals its wielder when it wounds a living foe.
   It protects you from cold.
Missiles
 E - 103 poisoned darts
Armour
 s - a +0 pair of boots (worn)
   (You found it on level 3 of the Dungeon)
 x - a +0 cloak (worn)
   (You found it on level 4 of the Dungeon)
 G - a +2 robe of fire resistance (worn)
   (You took it off a wight on level 7 of the Dungeon)
 I - the +3 warlock's mirror (worn) {reflect}
   (You found it on level 8 of the Dungeon)
 V - a +2 helmet (worn)
   (You found it on level 1 of the Dungeon)
Magical Staves
 q - an uncursed staff of death
   (You found it in an ice cave)
 T - an uncursed staff of cold
   (You took it off an orc wizard on level 11 of the Dungeon)
Jewellery
 f - an uncursed ring of fire
   (You found it on level 12 of the Dungeon)
 g - an amulet of regeneration (around neck)
   (You found it on level 11 of the Dungeon)
 C - an uncursed ring of ice
   (You found it in an ice cave)
 O - a +4 ring of protection (right hand)
   (You found it on level 3 of the Lair of Beasts)
 P - a ring of poison resistance (left hand)
   (You found it on level 4 of the Dungeon)
 S - a +6 ring of strength
   (You found it on level 8 of the Dungeon)
 Z - an uncursed ring of wizardry
   (You found it on level 9 of the Dungeon)
Wands
 c - a wand of acid (15)
   (You found it on level 2 of the Lair of Beasts)
 e - a wand of enslavement (18)
   (You found it on level 10 of the Dungeon)
 y - a wand of disintegration (6)
   (You found it on level 10 of the Dungeon)
 z - a wand of paralysis (24)
   (You took it off Pikel on level 4 of the Dungeon)
 B - a wand of random effects (31)
   (You took it off an orc warrior on level 6 of the Dungeon)
 H - a wand of polymorph (25)
   (You found it on level 8 of the Dungeon)
 R - a wand of flame (42)
   (You found it on level 11 of the Dungeon)
Scrolls
 d - 5 scrolls of fog
 h - 4 scrolls of remove curse {@r2}
 i - 3 scrolls of fear
 l - 2 scrolls of amnesia
 m - a scroll of enchant weapon
 o - 3 scrolls of magic mapping {!r}
 p - 4 scrolls of immolation {!r!r}
 r - a scroll of teleportation {@r4}
 J - a scroll of holy word
 M - 2 scrolls of blinking {!r}
Potions
 a - 2 potions of cancellation
 b - 6 potions of haste {@q3}
 j - a potion of berserk rage {!q}
 t - 8 potions of curing {@q1}
 u - 4 potions of attraction {unknown}
 v - 2 potions of lignification {unknown}
 w - 2 potions of degeneration {unknown}
 A - 4 potions of brilliance
 K - 5 potions of heal wounds {@q2}
 U - 3 potions of invisibility
 W - 3 potions of flight
Miscellaneous
 k - a box of beasts
   (You found it on level 3 of the Lair of Beasts)
 n - a condenser vane
   (You found it on level 9 of the Dungeon)
 D - a lightning rod (3/4)
   (You found it in an ice cave)

Dungeon Overview and Level Annotations

Branches:
Dungeon (12/15)            Temple (1/1) D:6            Lair (6/6) D:11
 Shoals (0/4) Lair:4       Spider (0/4) Lair:3        Slime (0/5) Lair:5
    Orc (0/2) D:12          IceCv (visited)

Altars:
Ashenzari
Cheibriados
Dithmenos
Elyvilon
Fedhas
Gozag
Hepliaklqana
Kikubaaqudgha
Makhleb
Nemelex Xobeh
Okawaru
Qazlal
Ru
Sif Muna
Trog
Uskayaw
Vehumet
Wu Jian
Xom
Yredelemnul
Zin
The Shining One
Jiyva

Shops:
D:8 =   D:11 *

Annotations:
D:8 3 runed translucent doors, caitlindye's ghost, novice HOFi
Lair:1 exclusion: oklob plant
Lair:2 exclusion: 4 oklob plants
Lair:4 woolyfrog's ghost, journeyman HaHu
Lair:6 1 runed translucent door, Urug

...........##.#####
####........)
.#...PPP..#########
#..#.##PP. .#..###..##
#..# ## #########.
..#.##...## #.##♣.♣##
#. .#..##....#
##.#.$.$≈# ##.
.........## ##..'....?≈
#P. .........#
#...W..).!♣ ##.
.........# ##.DD.....≈
#.. ..#..P...#
###.@#....≈# ###
.##..##..#
##.#..##♣♣♣## #
.P...#...###.....## ##
................## #.
..........####### #.
..........#..###### #.
##.#....##........##
#######.
####.....#P........##
#..##...
#.##................###
#.......


You could see a 11-headed hydra, a ten-headed hydra and woolyfrog's ghost.


Message History

Aiming: Searing Ray (safe; 0% risk of failure)
Press: ? - help, Shift-Dir - straight line, f/p - cane toad
Aim: a cane toad (almost dead, 15% to evade)
The searing ray hits the cane toad.
You kill the cane toad!
Vehumet accepts your kill.
You feel your power returning. (Press . to maintain the ray.) 😎 HP[+1] MP[+1]
Your hp is fully restored (75).
There is a collapsed entrance here.
There is a stone staircase leading down here.
The 11-headed hydra roars!
The ten-headed hydra roars!
Woolyfrog's ghost turns its malevolent gaze towards you. 😎 MP[+4]
Your mp is fully restored (29).
Press: ? - help, v - describe, . - travel
Here: woolyfrog's ghost, wielding a weapon of freezing (fire blocked by a runed translucent door)
The floor.
You open the gate.
Woolyfrog's ghost screams, "What do you have that I didn't have?"
Casting: Searing Ray (safe; 0% risk of failure)
Confirm with . or Enter, or press ? or * to list all spells.
You erupt in a blast of force!
The mystic blast hits the fungus!!
The fungus begins to die.
The mystic blast hits the ten-headed hydra!
The ten-headed hydra is knocked back by the mystic blast.
The mystic blast hits the 11-headed hydra!
The 11-headed hydra is knocked back by the mystic blast.
The mystic blast hits woolyfrog's ghost!
Woolyfrog's ghost is knocked back by the mystic blast. 😎 MP[-4]
You lost 4 mp, and now have 25/29 mp.
Aiming: Thunderbolt
Press: ? - help, Shift-Dir - straight line, f - woolyfrog's ghost
Aim: woolyfrog's ghost, wielding a weapon of freezing (lightly damaged)
The thunderbolt hits woolyfrog's ghost!
For a moment, woolyfrog's ghost blends into the shadows.
Casting: Iskenderun's Mystic Blast (safe; 1% risk of failure)
Confirm with . or Enter, or press ? or * to list all spells.
You erupt in a blast of force!
The mystic blast hits the fungus!!
The mystic blast hits the ten-headed hydra!!
The ten-headed hydra is knocked back by the mystic blast.
The mystic blast hits the 11-headed hydra!
The 11-headed hydra is knocked back by the mystic blast.
The mystic blast hits woolyfrog's ghost!
Woolyfrog's ghost is knocked back by the mystic blast. 😎 MP[-4]
You lost 4 mp, and now have 21/29 mp.
Casting: Iskenderun's Mystic Blast (safe; 1% risk of failure)
Confirm with . or Enter, or press ? or * to list all spells.
You erupt in a blast of force!
The mystic blast hits the ten-headed hydra!
The ten-headed hydra is knocked back by the mystic blast.
The mystic blast hits the 11-headed hydra!!
The 11-headed hydra is knocked back by the mystic blast.
The mystic blast hits the fungus!
The mystic blast hits woolyfrog's ghost!!
Woolyfrog's ghost is knocked back by the mystic blast. 😎 MP[-4]
You lost 4 mp, and now have 17/29 mp.
Casting: Iskenderun's Mystic Blast (safe; 1% risk of failure)
Confirm with . or Enter, or press ? or * to list all spells.
Aiming: Searing Ray (safe; 0% risk of failure)
Press: ? - help, Shift-Dir - straight line, f/p - woolyfrog's ghost
Aim: woolyfrog's ghost, wielding a weapon of freezing (severely damaged, 52% to evade)
The searing ray misses woolyfrog's ghost. (Press . to maintain the ray.)
A nearby fungus withers and dies. 😎 MP[-1]
You lost 1 mp, and now have 16/29 mp.
The searing ray hits woolyfrog's ghost! 😎 MP[-1]
You lost 1 mp, and now have 15/29 mp.
The searing ray hits woolyfrog's ghost!
Woolyfrog's ghost wails, "I have seen your future, and it is all used up." 😎 MP[-1]
You lost 1 mp, and now have 14/29 mp.
The searing ray hits the 11-headed hydra!
You finish channeling your searing ray.
The ten-headed hydra bites you!
The ten-headed hydra closely misses you.
You block the ten-headed hydra's attack.
The ten-headed hydra bites you.
The ten-headed hydra bites you but does no damage.
The ten-headed hydra bites you.
The ten-headed hydra bites you but does no damage.
The ten-headed hydra bites you.
The ten-headed hydra bites you but does no damage. x2
The 11-headed hydra bites you! x2
* * * LOW HITPOINT WARNING * * *
The 11-headed hydra bites you but does no damage.
The 11-headed hydra bites you.
* * * LOW HITPOINT WARNING * * *
The 11-headed hydra closely misses you.
The 11-headed hydra barely misses you. x2
The 11-headed hydra misses you. The 11-headed hydra barely misses you.
The 11-headed hydra bites you!
* * * LOW HITPOINT WARNING * * *
The 11-headed hydra bites you!
You die...

Skill      XL: |  1  2  3  4  5  6  7  8  9 10 11 12 13 |
---------------+----------------------------------------+-----
Conjurations   | 5 6 7 9 10 11 12 13 14 | 14.7
Translocations | 2 5 7 8 |  8.0
Evocations     | 1 3 4 6 7 8 |  8.5
Dodging        | 3 4 6 7 8 9 |  9.5
Fighting       | 1 2 3 4 5 6 |  6.3
Armour         | 1 2 3 4 |  4.0
Spellcasting   | 5 6 8 9 10 | 10.5
Shields        | 3 4 |  4.0
Staves         | 2 4 5 |  5.8
Fire Magic     | 1 4 5 |  5.5
Stealth        | |  2.4

Action                   |  1- 3 |  4- 6 |  7- 9 | 10-12 | 13-15 || total
-------------------------+-------+-------+-------+-------+-------++-------
Melee: Dagger            |       |    14 |       |       |       ||    14
       Whip              |       |     1 |    13 |     1 |       ||    15
       Hand axe          |       |       |       |    49 |     5 ||    54
 Cast: Magic Dart        |    80 |   123 |   162 |   369 |    97 ||   831
       Searing Ray       |       |    15 |    52 |   135 |    82 ||   284
       Iskenderun's Myst |       |       |       |    55 |    21 ||    76
Evoke: Wand              |       |       |     4 |    12 |     3 ||    19
       Condenser vane    |       |       |       |     1 |       ||     1
       Lightning rod     |       |       |       |       |     1 ||     1
  Use: Scroll            |       |     1 |     2 |    22 |     2 ||    27
       Potion            |       |       |       |     1 |     1 ||     2
 Stab: Paralysed         |       |       |       |    10 |       ||    10
Armor: Robe              |     4 |     4 |     9 |    37 |    24 ||    78
       Steam dragon scal |       |       |     1 |       |       ||     1
Dodge: Dodged            |     4 |    24 |    32 |   136 |    98 ||   294
Block: Other             |       |       |    16 |       |       ||    16
       Buckler           |       |       |     4 |    85 |    48 ||   137
       Reflection        |       |       |       |    10 |     1 ||    11

Levels and vault maps discovered:
D:1:      minmay_arrival_solitary_statue, layout_loops_corners,
          grunt_decor_mini_mirrors, minmay_cut_off
D:2:      layout_basic, fedhas_altar_1
D:3:      layout_loops_ring, grunt_decor_cap, kennysheep_doodads, tso_altar,
          uniq_robin
D:4:      layout_rooms, corexii_leaking_fountain, corexii_checkpoint_b,
          uniq_pikel
D:5:      layout_rooms, kennysheep_generic_room_12
D:6:      layout_cave_pools, minmay_temple_entry_sparse_star,
          minmay_statues_item, uniq_maggie, uniq_eustachio
D:7:      layout_loops_cross, st_stairs_12, guppyfry_shop_venom
D:8:      layout_basic, lemuel_doored_altar, serial_shops, shop,
          gammafunk_ghost_ooze, minivault_11, minivault_26,
          grunt_decor_arrowhead, kennysheep_generic_room_8
D:9:      minmay_opposing_rooms, layout_basic, minmay_lindwurm_lava
D:10:     layout_rooms, bh_walls_and_bars
D:11:     layout_roguey, lair_entry_dummy, serial_shops, nicolae_shop_waterfront
D:12:     layout_loops_cross, hiddenorc2_lemuel
Temple:   kilobyte_greek_temple
Lair:1:   layout_chaotic_city, serial_forest, infiniplex_forest_end_1,
          infiniplex_forest_join, infiniplex_forest_straight_2,
          infiniplex_forest_side_room, infiniplex_forest_straight_2,
          infiniplex_forest_clump_curved, infiniplex_forest_clump_diagonal,
          infiniplex_forest_clump_curved, lemuel_fruit_fields,
          minmay_lair_oklob_chamber
Lair:2:   minmay_lair_oklob_tunnel, layout_gridlike, basic_altar, minivault_23
Lair:3:   layout_regular_city, dummy_spider_entry, minmay_another_anthill,
          grunt_megastairs_3
Lair:4:   layout_gridlike, shoals_dummy_entry, gammafunk_ghost_hydra_chop,
          portal_ice_cave_entry_pillars_1, serial_bayou_shore_a
Lair:5:   gammafunk_indiana_jones, layout_cave_pods, slime_altar_1,
          ebering_ghost_xom
Lair:6:   hangedman_lair_tendril_chambers, layout_long_grid, wormcave,
          hangedman_lair_unloving_vines, serial_bayou_ford_a, uniq_urug

Notes
Turn   | Place    | Note
-------+----------+-------------------------------------------
     0 | D:1      | phalm the Deep Elf Conjurer began the quest for the Orb.
     0 | D:1      | Reached XP level 1. HP: 10/10 MP: 6/6
     0 | D:1      | magus.rc [v1.9.10]
   265 | D:1      | Reached XP level 2. HP: 15/15 MP: 5/8
   268 | D:1      | Learned a level 2 spell: Searing Ray
   297 | D:1      | Reached skill level 5 in Conjurations
   706 | D:1      | Reached XP level 3. HP: 19/19 MP: 7/9
  1523 | D:2      | Reached skill level 6 in Conjurations
  1817 | D:2      | Reached XP level 4. HP: 24/24 MP: 4/10
  1923 | D:2      | Found a blossoming altar of Fedhas.
  2448 | D:3      | Found a glowing golden altar of the Shining One.
  2802 | D:3      | Reached skill level 7 in Conjurations
  2802 | D:3      | Reached XP level 5. HP: 28/28 MP: 4/11
  2827 | D:3      | Learned a level 4 spell: Iskenderun's Mystic Blast
  3001 | D:3      | Noticed Robin
  3010 | D:3      | Killed Robin
  3090 | D:3      | You fall into a shaft and drop 1 floor!
  3133 | D:4      | Noticed a lemure
  3133 | D:4      | Noticed Pikel
  3133 | D:4      | Noticed a lemure
  3133 | D:4      | Noticed a lemure
  3133 | D:4      | Noticed a lemure
  3173 | D:4      | Killed a lemure
  3346 | D:4      | Reached skill level 1 in Translocations
  3569 | D:4      | Killed a lemure
  3721 | D:3      | Reached skill level 2 in Translocations
  4023 | D:3      | Reached XP level 6. HP: 32/32 MP: 10/12
  4309 | D:4      | Reached skill level 3 in Translocations
  4483 | D:4      | Reached skill level 8 in Conjurations
  4613 | D:4      | Paralysed by Pikel for 3 turns
  4618 | D:4      | Killed Pikel
  4619 | D:4      | Reached skill level 9 in Conjurations
  4619 | D:4      | Reached skill level 5 in Translocations
  4619 | D:4      | Reached XP level 7. HP: 36/36 MP: 2/13
  5012 | D:5      | Entered Level 5 of the Dungeon
  5250 | D:5      | Reached XP level 8. HP: 41/41 MP: 7/14
  5374 | D:5      | Reached skill level 6 in Translocations
  6262 | D:6      | Reached skill level 10 in Conjurations
  6262 | D:6      | Reached skill level 7 in Translocations
  6274 | D:6      | Noticed Maggie
  6401 | D:6      | Reached skill level 1 in Evocations
  6409 | D:6      | Reached skill level 3 in Dodging
  6435 | D:6      | Reached skill level 1 in Fighting
  6563 | D:6      | Noticed Eustachio
  6582 | D:6      | Killed Eustachio
  6583 | D:6      | Reached skill level 1 in Armour
  6840 | D:6      | Reached XP level 9. HP: 47/47 MP: 9/16
  6905 | D:6      | Reached skill level 4 in Spellcasting
  6922 | D:6      | Killed Maggie
  6923 | D:6      | Reached skill level 2 in Evocations
  7090 | D:6      | Found a staircase to the Ecumenical Temple.
  7100 | Temple   | Entered the Ecumenical Temple
  7543 | D:7      | Reached skill level 8 in Translocations
  7719 | D:7      | Reached skill level 4 in Dodging
  7836 | D:7      | Reached skill level 2 in Fighting
  7836 | D:7      | Reached skill level 2 in Armour
  8328 | D:7      | Found Idun's Serpentskin Sales.
  8332 | D:7      | Reached skill level 5 in Spellcasting
  8332 | D:7      | Reached skill level 3 in Evocations
  8642 | D:8      | Reached skill level 11 in Conjurations
  8830 | D:8      | Found a runed translucent gate.
  8831 | D:8      | Noticed caitlindye's ghost (novice HOFi)
  8842 | D:8      | Found a runed translucent gate.
  8842 | D:8      | Found a runed translucent gate.
  9128 | D:8      | Found Zicoic's Jewellery Shoppe.
  9483 | D:8      | Found a radiant altar of Vehumet.
  9488 | D:8      | Became a worshipper of Vehumet
  9745 | D:8      | Found the +3 warlock's mirror {reflect}
  9788 | D:8      | Found a viscous altar of Jiyva.
  9881 | D:9      | Noticed a troll
  9887 | D:9      | Killed a troll
  9888 | D:9      | Reached XP level 10. HP: 48/54 MP: 12/20
  9997 | D:9      | You pick up a book of Necromancy and begin reading...
  9997 | D:9      | You add the spells Pain, Animate Skeleton, Vampiric
                  | Draining, Animate Dead and Agony to your library.
 10080 | D:9      | Noticed a two-headed ogre
 10089 | D:9      | Killed a two-headed ogre
 10090 | D:9      | Reached skill level 5 in Dodging
 10090 | D:9      | Reached skill level 1 in Shields
 10212 | D:9      | Reached skill level 6 in Spellcasting
 10316 | D:9      | Reached skill level 3 in Fighting
 10316 | D:9      | Reached skill level 4 in Evocations
 10319 | D:9      | Reached skill level 3 in Armour
 10319 | D:9      | Reached skill level 2 in Shields
 10681 | D:9      | Killed an unseen horror
 10891 | D:9      | You pick up a book of Misfortune and begin reading...
 10891 | D:9      | You add the spells Confusing Touch, Gell's Gravitas,
                  | Petrify, Metabolic Englaciation and Yara's Violent
                  | Unravelling to your library.
 10934 | D:9      | Reached * piety under Vehumet
 10934 | D:9      | Offered knowledge of Freeze by Vehumet.
 11046 | D:9      | You pick up a book of Hexes and begin reading...
 11046 | D:9      | You add the spells Cause Fear, Silence and Discord to your
                  | library.
 11456 | D:9      | Noticed a lindwurm
 11457 | D:9      | Noticed a lindwurm
 11466 | D:9      | Killed a lindwurm
 11467 | D:9      | Reached skill level 3 in Shields
 11467 | D:9      | Noticed a lindwurm
 11477 | D:9      | Noticed a lindwurm
 11481 | D:9      | Killed a lindwurm
 11486 | D:9      | Killed a lindwurm
 11487 | D:9      | Reached skill level 6 in Dodging
 11487 | D:9      | Reached skill level 12 in Conjurations
 11487 | D:9      | Reached XP level 11. HP: 43/60 MP: 6/23
 11492 | D:9      | Killed a lindwurm
 11731 | D:10     | Entered Level 10 of the Dungeon
 11745 | D:10     | Reached skill level 7 in Spellcasting
 11745 | D:10     | Reached skill level 5 in Evocations
 12032 | D:10     | Noticed a two-headed ogre
 12044 | D:10     | Killed a two-headed ogre
 12216 | D:10     | Noticed a two-headed ogre
 12225 | D:10     | Killed a two-headed ogre
 12226 | D:10     | Reached skill level 4 in Shields
 12531 | D:10     | Got a crude hand axe
 12532 | D:10     | Identified the +2 hand axe of Hard Scrabble {vamp, rC+}
                  | (You found it on level 10 of the Dungeon)
 12563 | D:10     | Reached ** piety under Vehumet
 12578 | D:10     | Offered knowledge of Sandblast by Vehumet.
 13052 | D:11     | Noticed a boulder beetle
 13056 | D:11     | Reached skill level 4 in Fighting
 13056 | D:11     | Reached skill level 4 in Armour
 13060 | D:11     | Reached skill level 1 in Staves
 13373 | D:11     | Noticed a two-headed ogre
 13382 | D:11     | Killed a two-headed ogre
 13554 | D:11     | Reached skill level 8 in Spellcasting
 13558 | D:11     | Reached skill level 2 in Staves
 13558 | D:11     | Reached skill level 7 in Dodging
 13719 | D:11     | Killed a boulder beetle
 13720 | D:11     | Reached skill level 6 in Evocations
 13790 | D:11     | Got a shimmering leather armour
 13801 | D:11     | Identified the cursed +1 leather armour of the Hall of
                  | Blades {Rampage rPois Dex-5} (You found it on level 11 of
                  | the Dungeon)
 13831 | D:11     | Offered knowledge of Conjure Flame by Vehumet.
 14055 | D:11     | Found Zuarua's Assorted Antiques.
 14065 | D:11     | Bought a scroll of identify for 66 gold pieces
 14103 | D:11     | Found a staircase to the Lair.
 14191 | D:11     | Gained mutation: Your flesh is cold resistant. (rC+)
                  | [potion of mutation]
 14191 | D:11     | Gained mutation: Your natural rate of healing is unusually
                  | fast. [potion of mutation]
 14191 | D:11     | Gained mutation: You are agile. (Dex +2) [potion of
                  | mutation]
 14191 | D:11     | Gained mutation: You are strong-willed. (Will+) [potion of
                  | mutation]
 14263 | D:11     | Reached *** piety under Vehumet
 14367 | D:12     | Noticed a purple ugly thing
 14377 | D:12     | Killed a purple ugly thing
 14378 | D:12     | Reached skill level 13 in Conjurations
 14378 | D:12     | Reached skill level 1 in Fire Magic
 14382 | D:12     | Reached XP level 12. HP: 31/67 MP: 10/26
 14854 | D:12     | Got a buzzing falchion
 14877 | D:12     | Identified the +1 falchion "Gaas" {flame, +Rage rF- Int+2}
                  | (You found it on level 12 of the Dungeon)
 15007 | D:12     | Offered knowledge of Frozen Ramparts by Vehumet.
 15008 | D:12     | Reached skill level 3 in Staves
 15208 | D:12     | Found a staircase to the Orcish Mines.
 15278 | D:12     | Reached **** piety under Vehumet
 15289 | D:12     | Offered knowledge of Mephitic Cloud by Vehumet.
 15296 | D:12     | Learned a level 3 spell: Mephitic Cloud
 15315 | D:12     | Reached skill level 2 in Fire Magic
 15516 | D:12     | Reached skill level 5 in Fighting
 15839 | Lair:1   | Entered Level 1 of the Lair of Beasts
 16058 | Lair:1   | Reached skill level 9 in Spellcasting
 16099 | Lair:1   | Reached skill level 8 in Dodging
 16148 | Lair:1   | Reached skill level 3 in Fire Magic
 16229 | Lair:1   | Reached skill level 7 in Evocations
 16822 | Lair:1   | Reached skill level 4 in Staves
 17355 | Lair:2   | Found an opulent altar of Gozag.
 17364 | Lair:2   | Noticed a catoblepas
 17391 | Lair:2   | Killed a catoblepas
 17692 | Lair:2   | Noticed a four-headed hydra
 17759 | Lair:2   | Killed a four-headed hydra
 18530 | Lair:3   | You pick up a book of Cantrips and begin reading...
 18530 | Lair:3   | You add the spells Corona, Summon Small Mammal and
                  | Apportation to your library.
 18635 | Lair:3   | Reached skill level 4 in Fire Magic
 18947 | Lair:3   | Noticed a queen ant
 18969 | Lair:3   | Reached ***** piety under Vehumet
 18970 | Lair:3   | Killed a queen ant
 18971 | Lair:3   | Reached skill level 14 in Conjurations
 18971 | Lair:3   | Reached XP level 13. HP: 74/74 MP: 5/28
 19430 | Lair:3   | Found a hole to the Spider Nest.
 19456 | Lair:3   | Offered knowledge of Hailstorm by Vehumet.
 20083 | Lair:3   | Reached skill level 5 in Staves
 20083 | Lair:3   | Reached skill level 10 in Spellcasting
 20482 | Lair:4   | Found a frozen archway.
 20567 | IceCv    | Entered an ice cave
 20577 | IceCv    | Reached skill level 9 in Dodging
 20777 | IceCv    | Reached skill level 6 in Fighting
 20777 | IceCv    | Reached skill level 8 in Evocations
 21067 | IceCv    | Reached skill level 5 in Fire Magic
 21432 | IceCv    | Noticed a frost giant
 21441 | IceCv    | Killed a frost giant
 21920 | Lair:4   | You fall into a shaft and drop 2 floors!
 21920 | Lair:6   | Entered Level 6 of the Lair of Beasts
 21928 | Lair:6   | Found a runed translucent door.
 21929 | Lair:6   | Noticed a fire dragon
 21950 | Lair:6   | Noticed Urug
 22054 | Lair:5   | Got a shimmering flail
 22055 | Lair:5   | Identified the +4 flail of Baustigh {holy, rElec} (You
                  | found it on level 5 of the Lair of Beasts)
 22089 | Lair:5   | Found a viscous altar of Jiyva.
 22089 | Lair:5   | Found a staircase to the Slime Pits.
 22268 | Lair:4   | Found a staircase to the Shoals.
 22293 | Lair:4   | You pick up a book of Minor Magic and begin reading...
 22293 | Lair:4   | You add the spells Blink, Call Imp, Slow and Conjure Flame
                  | to your library.
 22297 | Lair:4   | Learned a level 2 spell: Blink
 22475 | Lair:4   | Got an ichor-stained chain mail
 22706 | Lair:4   | Found a runed translucent gate.
 22708 | Lair:4   | Noticed woolyfrog's ghost (journeyman HaHu)
 22709 | Lair:4   | Found a runed translucent gate.
 22709 | Lair:4   | Found a runed translucent gate.
 22816 | Lair:4   | Identified the cursed +1 chain mail "Horruoso" {Dex+6 SInv}
                  | (You found it on level 4 of the Lair of Beasts)
 23100 | Lair:4   | HP: 10/75 [11-headed hydra (12)]
 23100 | Lair:4   | Slain by an 11-headed hydra

Vanquished Creatures
  A frost giant (IceCv)
  A boulder beetle (D:11)
  A catoblepas (Lair:2)
  A hydra (Lair:2)
  4 two-headed ogres
  A queen ant (Lair:3)
  2 unseen horrors
  4 lindwurms (D:9)
  Pikel (D:4)
  An ugly thing (D:12)
  A cyclops (D:12)
  A gargoyle (D:11)
  An ice statue (IceCv)
  A black mamba (Lair:3)
  Maggie (D:6)
  6 cane toads
  A rime drake (IceCv)
  2 kobold demonologists (D:11)
  4 komodo dragons
  2 trolls
  A tengu conjurer (D:12)
  A hornet (D:11)
  12 polar bears
  A raiju (shapeshifter) (D:12)
  12 blink frogs
  A vampire (D:12)
  2 wraiths
  6 wyverns
  A shadow (D:12)
  Eustachio (D:6)
  3 basilisks
  31 yaks
  A steam dragon (D:11)
  4 vampire mosquitoes (D:12)
  10 soldier ants
  18 water moccasins
  4 orc warriors
  8 ice beasts
  A sky beast (D:12)
  8 ogres
  2 phantoms
  30 wolves
  A centaur (D:6)
  3 lemures (D:4)
  A gnoll sergeant (D:9)
  12 bullfrogs
  3 big kobolds
  A wyvern skeleton (D:6)
  A scorpion (D:7)
  10 killer bees (D:11)
  17 wights
  A centaur zombie (D:8)
  3 bullfrog zombies
  10 orc priests
  4 hounds
  2 jellies
  12 orc wizards
  2 bullfrog skeletons
  A centaur skeleton (D:8)
  6 iguanas
  24 worker ants
  A hound zombie (D:9)
  A hound skeleton (D:9)
  A worker ant zombie (D:10)
  Robin (D:3)
  14 adders
  6 gnolls
  2 white imps
  5 ufetubi
  3 oozes
  An adder skeleton (D:7)
  2 worms
  11 leopard geckos
  66 orcs
  4 bats
  10 giant cockroaches
  16 goblins
  10 hobgoblins
  7 jackals
  10 quokkas
  5 frilled lizards
  A jackal skeleton (D:4)
  18 kobolds
  A leopard gecko skeleton (D:5)
  2 leopard gecko zombies
  A quokka skeleton (D:9)
  A quokka zombie (D:9)
  6 rats
515 creatures vanquished.

Vanquished Creatures (others)
  A polar bear (IceCv)
  A yak (IceCv)
  A wolf (IceCv)
  22 fungi
  70 plants
95 creatures vanquished.

Grand Total: 610 creatures vanquished

Table legend:
 A = Non-vault XP
 B = Vault XP
 C = Vault XP percentage of total XP
 D = Non-vault monster count
 E = Vault monster count
 F = Vault count percentage of total count
                 A         B        C        D         E       F
            +---------+---------+-------+---------+---------+-------
      Total |   36134 |   20961 |  36.7 |     367 |     147 |  28.6
            +---------+---------+-------+---------+---------+-------
        D:1 |      53 |       8 |  13.1 |      30 |       4 |  11.8
        D:2 |      48 |       0 |   0.0 |      19 |       0 |   0.0
        D:3 |     168 |      26 |  13.4 |      25 |       7 |  21.9
        D:4 |     291 |     617 |  68.0 |      22 |       1 |   4.3
        D:5 |     632 |     122 |  16.2 |      22 |       1 |   4.3
        D:6 |    1045 |     620 |  37.2 |      17 |       2 |  10.5
        D:7 |     768 |     397 |  34.1 |      17 |       5 |  22.7
        D:8 |     581 |       0 |   0.0 |      23 |       0 |   0.0
        D:9 |    2437 |    3831 |  61.1 |      23 |      13 |  36.1
       D:10 |    2965 |       0 |   0.0 |      29 |       0 |   0.0
       D:11 |    6358 |       0 |   0.0 |      42 |       0 |   0.0
       D:12 |    4822 |     329 |   6.4 |      30 |      32 |  51.6
     Lair:1 |    4699 |       0 |   0.0 |      21 |       0 |   0.0
     Lair:2 |    4351 |     187 |   4.1 |      12 |       1 |   7.7
     Lair:3 |    4269 |    3445 |  44.7 |      23 |      31 |  57.4
     Lair:4 |    2647 |       0 |   0.0 |      12 |       0 |   0.0
      IceCv |       0 |   11379 | 100.0 |       0 |      50 | 100.0
            +---------+---------+-------+---------+---------+-------

Illustrated notes

Table legend:
 A = Kills in this place as a percentage of kills in entire the game.
 B = Kills by you in this place as a percentage of kills by you in the entire game.
 C = Kills by friends in this place as a percentage of kills by friends in the entire game.
 D = Other kills in this place as a percentage of other kills in the entire game.
 E = Experience gained in this place as a percentage of experience gained in the entire game.
 F = Experience gained in this place divided by the number of levels of this place that you have seen.
                   A       B       C       D       E      F
               +-------+-------+-------+-------+-------+----------------------
         Total | 100.0 | 100.0 |   N/A | 100.0 | 100.0 | 2854.8
       Dungeon |  70.8 |  71.1 |   N/A |   0.0 |  45.7 | 2176.5
          Lair |  19.5 |  19.5 |   N/A |   0.0 |  34.3 | 3266.3
      Ice Cave |   9.7 |   9.4 |   N/A | 100.0 |  19.9 | 11379.0
               +-------+-------+-------+-------+-------+----------------------

Table legend: (Time is in decaauts)
 A = Elapsed time spent in this place.
 B = Non-inter-level travel time spent in this place.
 C = Inter-level travel time spent in this place.
 D = Time resting spent in this place.
 E = Time spent auto-exploring this place.
 F = Levels seen in this place.
 G = Mean time per level.
                   A        B        C        D        E       F      G
               +--------+--------+--------+--------+--------+-----+--------+
         Total |  23164 |  22488 |    676 |    254 |  18988 |  20 | 1158.2 |
       Dungeon |  15684 |  15182 |    502 |     66 |  13167 |  12 | 1307.0 |
        Temple |    175 |    170 |      5 |      0 |    148 |   1 |  175.0 |
          Lair |   6003 |   5835 |    168 |    188 |   4811 |   6 | 1000.5 |
      Ice Cave |   1299 |   1299 |      0 |      0 |    862 |   1 | 1299.0 |
               +--------+--------+--------+--------+--------+-----+--------+

Top non-repeatable levels by time:
     D:9: 1845 daAuts
  Lair:3: 1716 daAuts
    D:10: 1611 daAuts
  Lair:2: 1520 daAuts
  Lair:1: 1413 daAuts
     D:1: 1397 daAuts
     D:3: 1385 daAuts
    D:12: 1382 daAuts
   IceCv: 1299 daAuts
     D:4: 1272 daAuts
     D:6: 1242 daAuts
     D:8: 1240 daAuts
     D:5: 1204 daAuts
  Lair:4: 1176 daAuts
    D:11: 1140 daAuts
